 Dungeon Crawl Stone Soup version 0.20.1-1-g8b1a95d (webtiles) character file.

170 Zedayar the Ruffian (level 5, -4/52 HPs)
             Began as a Troll Monk on Sept 4, 2017.
             Slain by a gnoll
             ... wielding a +0 flail
              (7 damage)
             ... on level 4 of the Dungeon.
             The game lasted 00:13:12 (2844 turns).

Zedayar the Ruffian (Troll Monk)                    Turns: 2844, Time: 00:13:13

Health: -4/52      AC:  5    Str: 17    XL:     5   Next: 26%
Magic:  4/4        EV: 11    Int:  6    God:
Gold:   128        SH:  0    Dex: 12    Spells: 4/4 levels left

rFire    x . .     SeeInvis .     - Unarmed
rCold    + . .     Gourm    +   (no shield)
rNeg     . . .     Faith    .   a - +0 robe
rPois    .         Spirit   .   l - +0 hat
rElec    .         Reflect  .   (no cloak)
rCorr    .         Harm     .   (gloves unavailable)
MR       .....                  (boots unavailable)
Stlth    ++........             (no amulet)
Regen    0.6/turn               j - ring of ice
MPRegen  0.1/turn               s - -3 ring of strength (curse)

@: lethally poisoned (-4 -> -16)
A: unfitting armour, claws 3, fast metabolism 3, gourmand, regeneration 1,
shaggy fur 1, tough skin 2
a: no special abilities


You were on level 4 of the Dungeon.
You were not hungry.

You visited 1 branch of the dungeon, and saw 4 of its levels.

You collected 128 gold pieces.

Inventory:

Hand Weapons
 m - a +0 quarterstaff
Armour
 a - a +0 robe (worn)
 l - a +0 hat (worn)
Jewellery
 j - a ring of ice (left claw)
 p - an uncursed amulet of rage
 s - a cursed -3 ring of strength (right claw)
Scrolls
 f - 2 scrolls of teleportation
 g - a scroll of remove curse {unknown}
 i - a scroll of identify
Potions
 d - a potion of mutation {unknown}
 e - a potion of brilliance
 h - a potion of experience
 k - a potion of haste {unknown}
 n - a potion of might {unknown}
 o - a potion of heal wounds {unknown}
 r - a potion of agility {unknown}
Comestibles
 b - a bread ration
 c - a royal jelly
 u - 2 meat rations


   Skills:
 + Level 2.9 Fighting
 + Level 3.1 Dodging
 - Level 1.0 Stealth
 * Level 5.1 Unarmed Combat


You had 4 spell levels left.
You didn't know any spells.

Dungeon Overview and Level Annotations

Branches:
Dungeon (4/15)
 Temple: D:4-7

Altars:
Cheibriados
Elyvilon
Ru
Trog


Innate Abilities, Weirdness & Mutations

You are too large for most types of armour.
You have claws for hands.
Your metabolism is lightning-fast.
You like to eat raw meat.
Your natural rate of healing is unusually fast.
You are covered in fur. (AC +1)
You have very tough skin. (AC +2)


Message History

You are more poisoned.
The gnoll closely misses you.
You feel sick. The gnoll barely misses you. The gnoll hits you with a flail.
Things that are here:
a club; a gnoll corpse You feel sick.
The gnoll hits you but does no damage.
You closely miss the gnoll.
The gnoll is moderately wounded.
You feel sick. The gnoll hits you with a flail! The gnoll barely misses you.
You claw the gnoll!
The gnoll is severely wounded.
You feel sick. The gnoll closely misses you.
The gnoll hits you from afar with a spear of venom!
* * * LOW HITPOINT WARNING * * *
You are lethally poisoned!
You barely miss the gnoll.
The gnoll is severely wounded.
* * * LOW HITPOINT WARNING * * *
You feel sick. The gnoll closely misses you. The gnoll hits you with a flail!
You die...

....# ....# ....#
#. #...# # #.
....# ..
#..###...#####
##.#..#..g.......
......#.#g##
##.#....)@.#
...........#
##.####.####
#.#############
#.............#
#############.#
#.# ###'## #....#


You could see 2 gnolls.

Vanquished Creatures
  5 adders
  A gnoll (D:4)
  3 oozes
  4 dart slugs
  4 worms
  3 leopard geckos (D:3)
  5 orcs (D:3)
  7 bats
  7 giant cockroaches
  9 goblins
  6 hobgoblins
  2 quokkas
  3 frilled lizards (D:2)
  6 kobolds
  10 rats
75 creatures vanquished.

Notes
Turn   | Place    | Note
-------+----------+-------------------------------------------
     0 | D:1      | Zedayar the Troll Monk began the quest for the Orb.
     0 | D:1      | Reached XP level 1. HP: 22/22 MP: 0/0
    70 | D:1      | Reached XP level 2. HP: 27/29 MP: 1/1
   371 | D:1      | Reached XP level 3. HP: 32/36 MP: 2/2
   780 | D:2      | Found a bloodstained altar of Trog.
  1111 | D:2      | Reached skill level 4 in Unarmed Combat
  1111 | D:2      | Reached XP level 4. HP: 37/44 MP: 3/3
  1201 | D:2      | Found a snail-covered altar of Cheibriados.
  1321 | D:2      | Found a white marble altar of Elyvilon.
  2367 | D:3      | Found a sacrificial altar of Ru.
  2422 | D:3      | Reached XP level 5. HP: 38/52 MP: 4/4
  2466 | D:3      | Reached skill level 5 in Unarmed Combat
  2844 | D:4      | Slain by a gnoll

Skill      XL: |  1  2  3  4  5 |
---------------+----------------+-----
Dodging        | 3 |  3.1
Unarmed Combat | 4 5 |  5.1
Fighting       | |  2.9
Stealth        | |  1.0

Action                   |  1- 3 |  4- 6 || total
-------------------------+-------+-------++-------
Melee: Unarmed           |   102 |   114 ||   216
       Punch             |     1 |     2 ||     3
  Use: Scroll            |       |     8 ||     8
       Potion            |       |     1 ||     1
 Stab: Sleeping          |     1 |       ||     1
  Eat: Chunk             |    11 |     8 ||    19
       Bread ration      |     1 |       ||     1
Armor: Robe              |    47 |    34 ||    81
Dodge: Dodged            |    73 |    70 ||   143
